 Dungeon Crawl Stone Soup version 0.19.0-11-g3fc08b3 (webtiles) character file.

7648 kae the Basher (level 11, -7/81 HPs)
             Began as a Formicid Fighter on Nov 8, 2016.
             Was a Priest of Okawaru.
             Mangled by a wight
             ... wielding a +4 great sword
              (11 damage)
             ... on level 11 of the Dungeon on Nov 9, 2016.
             The game lasted 00:15:43 (11322 turns).

kae the Basher (Formicid Fighter)                  Turns: 11322, Time: 00:15:44

Health: -7/81      AC: 16    Str: 24    XL:     11   Next: 41%
Magic:  16/16      EV:  9    Int:  8    God:    Okawaru [***...]
Gold:   601        SH: 11    Dex: 12    Spells: 0 memorised, 10 levels left

rFire  . . .     SeeInvis +     a - +0 flail (venom)
rCold  . . .     Gourm    .     h - +0 plate armour
rNeg   . . .     Faith    .     c - +0 shield
rPois  .         Spirit   .     (helmet unavailable)
rElec  .         Reflect  .     (no cloak)
rCorr  .         Harm     .     (no gloves)
MR     +....                    l - +1 pair of boots
Stlth  ..........               (no amulet)
                                z - +2 ring of dexterity
                                (no ring)

@: heroism, very slightly contaminated, invisible
A: permanent stasis, dig shafts and tunnels, four strong arms, antennae 3
a: Dig, Shaft Self, Heroism, Renounce Religion


You were on level 11 of the Dungeon.
You worshipped Okawaru.
Okawaru was most pleased with you.
You were hungry.

You visited 2 branches of the dungeon, and saw 12 of its levels.
You also visited: Sewer.

You collected 601 gold pieces.

Inventory:

Hand Weapons
 a - a +0 flail of venom (weapon)
 b - a +2 whip of flaming
Armour
 c - a +0 shield (worn)
 h - a +0 plate armour (worn)
 j - a +0 scale mail
 l - a +1 pair of boots (worn)
Jewellery
 z - a +2 ring of dexterity (right hand)
Wands
 d - a wand of polymorph (12/24)
 n - a wand of paralysis (15/24)
 q - a wand of confusion (23/48)
 t - a wand of teleportation (6/9)
 v - a wand of lightning (3/15)
Scrolls
 r - a scroll of fear
 u - 6 scrolls of remove curse
 w - a scroll of enchant armour
 A - a scroll of amnesia
Potions
 g - a potion of cancellation
 k - a potion of might
 o - 2 potions of ambrosia
 s - 2 potions of flight
Books
 y - a book of Maledictions

   Spells                             Type                      Level
   a - Corona                         Hexes                        1
   b - Ensorcelled Hibernation        Hexes/Ice                    2
   c - Confuse                        Hexes                        3
   d - Tukima's Dance                 Hexes                        3
   e - Dazzling Spray                 Conjuration/Hexes            3
Comestibles
 f - 7 bread rations
 i - 6 meat rations
 p - 2 slices of pizza
 x - 3 chunks of flesh


   Skills:
 + Level 6.2(11.2) Fighting
 - Level 14.5(19.5) Maces & Flails
 - Level 3.2(8.2) Armour
 - Level 3.6(8.6) Shields
 - Level 7.0 Invocations


You had 10 spell levels left.
You didn't know any spells.

Dungeon Overview and Level Annotations

Branches:
Dungeon (11/15)            Temple (1/1) D:7            Lair (0/6) D:11
    Orc (0/2) D:9

Altars:
Ashenzari
Cheibriados
Dithmenos
Elyvilon
Fedhas
Gozag
Hepliaklqana
Kikubaaqudgha
Makhleb
Nemelex Xobeh
Okawaru
Qazlal
Ru
Sif Muna
Trog
Uskayaw
Vehumet
Xom
Yredelemnul
Zin
The Shining One

Shops:
D:5 :   D:7 *

Annotations:
D:10 Erolcha


Innate Abilities, Weirdness & Mutations

You are under a permanent stasis effect.
You can dig through walls and to a lower floor.
Your four strong arms can wield two-handed weapons with a shield.
You have a pair of large antennae on your head. (SInv)


Message History

You hit Urug.
Urug is heavily wounded.
You block Urug's attack.
You thump Urug!
Urug is severely wounded.
You bludgeon Urug!!
You kill Urug!
Okawaru is honoured by your kill.
Your base Fighting skill increases to level 6!
You catch the helpless orc completely off-guard!
You sock the orc!
You kill the orc!
You swing at nothing.
Your plate armour prevents you from hitting the wight.
You bludgeon the wight!!
You destroy the wight!
Okawaru accepts your kill.
You closely miss the wight.
The wight hits you with an enchanted great sword!
You die...

.............#.#**,*
#......#.......# *,**
*,#...#....##.†###*,*
**,**#.(#.#.##..(#***
*** #.###.###†### #.#
*## #.#
######.#########
#.....z{{o{.#.####
....#..{####.#.#@#
##.*#{{## ####z##
#,*#.{# ****###
**,#.{.#***,,,*
,,......,,*,,,*
*.##z.##*,*,,,*
#,*#.o* *,,,,,*
,,,...*****,,,*
**.O.z,,,**,,,*


You could see a wight.

Vanquished Creatures
  Urug (D:11)
  Pikel (D:5)
  A komodo dragon (D:11)
  A two-headed ogre (D:7)
  2 hippogriffs (D:9)
  Sigmund (D:2)
  Menkaure (D:7)
  A warg (D:9)
  2 water moccasins
  A swamp drake (D:11)
  5 orc warriors
  3 sky beasts
  2 ice beasts
  2 phantoms
  A slave (D:5)
  5 ogres
  6 centaurs
  3 crocodiles (D:11)
  3 bullfrogs
  2 big kobolds
  A wyvern zombie (D:7)
  A water moccasin skeleton (D:7)
  2 scorpions
  12 killer bees (D:9)
  5 wights
  6 howler monkeys (D:7)
  A crimson imp (D:3)
  6 orc priests
  3 hounds
  2 jellies
  2 centaur skeletons
  A bullfrog skeleton (D:9)
  Ijyb (D:3)
  2 iguanas
  18 orc wizards
  5 worker ants
  A hound zombie (D:7)
  3 worker ant zombies
  3 gnolls (D:6)
  8 adders
  4 river rats
  3 shadow imps
  2 oozes
  2 adder zombies
  3 adder skeletons
  4 worms
  3 dart slugs
  9 leopard geckos
  47 orcs
  3 ball pythons
  8 giant cockroaches
  7 goblins
  6 hobgoblins
  13 jackals
  A quokka (D:3)
  12 bats
  6 frilled lizards
  33 kobolds
  A leopard gecko zombie (D:8)
  5 rats
  A bush (D:5)
  A plant (D:6)
301 creatures vanquished.

Vanquished Creatures (others)
  An iguana (D:11)
  2 jackals (D:5)
  A quokka (D:5)
  A plant (D:6)
5 creatures vanquished.

Grand Total: 306 creatures vanquished

Notes
Turn   | Place    | Note
-------+----------+-------------------------------------------
     0 | D:1      | kae the Formicid Fighter began the quest for the Orb.
     0 | D:1      | Reached XP level 1. HP: 18/18 MP: 1/1
   163 | D:1      | Reached XP level 2. HP: 21/24 MP: 2/2
   201 | D:1      | Reached skill level 3 in Maces & Flails
   237 | D:1      | Reached XP level 3. HP: 23/29 MP: 3/3
   726 | D:2      | Reached skill level 4 in Maces & Flails
   726 | D:2      | Reached XP level 4. HP: 26/35 MP: 4/4
  1512 | D:2      | Noticed Sigmund
  1523 | D:2      | Killed Sigmund
  1523 | D:2      | Reached skill level 6 in Maces & Flails
  1523 | D:2      | Reached XP level 5. HP: 13/41 MP: 5/5
  1523 | D:2      | Reached XP level 6. HP: 15/47 MP: 6/6
  2165 | D:3      | Noticed Ijyb
  2181 | D:3      | Killed Ijyb
  2535 | D:3      | Found a shimmering altar of Xom.
  2536 | D:3      | Found a burning altar of Makhleb.
  2843 | D:4      | Found a deep blue altar of Sif Muna.
  2849 | D:4      | Found a stormy altar of Qazlal.
  3036 | D:4      | Reached XP level 7. HP: 44/52 MP: 7/7
  3050 | D:4      | Reached skill level 7 in Maces & Flails
  4001 | D:5      | Entered Level 5 of the Dungeon
  4188 | D:5      | Found Kikul's Book Shop.
  4256 | D:5      | Reached skill level 8 in Maces & Flails
  4494 | D:5      | Noticed Pikel
  4540 | D:5      | Killed Pikel
  4540 | D:5      | Reached skill level 9 in Maces & Flails
  4540 | D:5      | Reached XP level 8. HP: 4/58 MP: 8/8
  5226 | D:5      | Reached skill level 10 in Maces & Flails
  5490 | D:6      | Reached XP level 9. HP: 40/64 MP: 9/9
  5612 | D:6      | Found a glowing drain.
  5626 | Sewer    | Entered a sewer
  5733 | Sewer    | Found a white marble altar of Elyvilon.
  5889 | D:6      | Reached skill level 11 in Maces & Flails
  6523 | D:6      | Reached skill level 12 in Maces & Flails
  6893 | D:7      | Noticed Menkaure
  6893 | D:7      | Noticed a two-headed ogre
  6899 | D:7      | Killed Menkaure
  6904 | D:7      | Killed a two-headed ogre
  6941 | D:7      | Reached XP level 10. HP: 50/70 MP: 10/10
  7158 | D:7      | Found Duufifac's General Store.
  7213 | D:7      | Reached skill level 13 in Maces & Flails
  7930 | D:7      | Found a staircase to the Ecumenical Temple.
  7944 | Temple   | Entered the Ecumenical Temple
  8113 | Temple   | Became a worshipper of Warmaster Okawaru
  8616 | D:8      | Reached skill level 14 in Maces & Flails
  8968 | D:8      | Found a snail-covered altar of Cheibriados.
  9278 | D:9      | Reached * piety under Okawaru
  9284 | D:8      | HP: 1/70 [poisoned by a water moccasin]
  9314 | D:8      | HP: 3/70 [poisoned by a water moccasin]
  9322 | D:8      | HP: 3/70 [poisoned by a water moccasin]
  9330 | D:8      | HP: 2/70 [poisoned by a water moccasin]
  9752 | D:9      | Reached skill level 1 in Invocations
 10132 | D:9      | Reached ** piety under Okawaru
 10147 | D:9      | Reached XP level 11. HP: 51/75 MP: 12/14
 10467 | D:9      | Reached skill level 5 in Invocations
 10675 | D:9      | Found a staircase to the Orcish Mines.
 11119 | D:10     | Entered Level 10 of the Dungeon
 11143 | D:10     | Noticed Erolcha
 11147 | D:10     | You fall through a shaft!
 11181 | D:11     | Found a staircase to the Lair.
 11271 | D:11     | Reached skill level 5 in Fighting
 11276 | D:11     | Noticed Urug
 11314 | D:11     | HP: 3/80 [Urug/enchanted demon trident (10)]
 11317 | D:11     | Killed Urug
 11317 | D:11     | Reached *** piety under Okawaru
 11322 | D:11     | Mangled by a wight

Skill      XL: |  1  2  3  4  5  6  7  8  9 10 11 |
---------------+----------------------------------+-----
Maces & Flails | 3 4 6 9 10 12 14 | 14.5
Invocations    | 4 7 |  7.0
Fighting       | 6 |  6.2
Armour         | |  3.2
Shields        | |  3.6

Action                   |  1- 3 |  4- 6 |  7- 9 | 10-12 || total
-------------------------+-------+-------+-------+-------++-------
Melee: Flail             |   117 |   231 |   358 |   453 ||  1159
       Whip              |       |       |   222 |    80 ||   302
Invok: Heroism           |       |       |       |     2 ||     2
 Abil: Dig               |       |     1 |     7 |     6 ||    14
       Shaft Self        |       |       |       |     1 ||     1
  Use: Potion            |       |     4 |     5 |     6 ||    15
       Scroll            |       |     4 |     6 |     8 ||    18
 Stab: Invisible         |       |       |       |     3 ||     3
       Confused          |       |       |       |     2 ||     2
  Eat: Chunk             |       |     7 |    10 |    13 ||    30
       Bread ration      |       |       |     1 |       ||     1
       Royal jelly       |       |       |       |     1 ||     1
Armor: Scale mail        |    73 |    70 |    65 |       ||   208
       Skin              |       |     2 |       |       ||     2
       Plate armour      |       |       |    73 |   184 ||   257
Dodge: Dodged            |    52 |    55 |    70 |    77 ||   254
Block: Shield            |    87 |   129 |   154 |   171 ||   541
